 Dungeon Crawl Stone Soup version 0.32-a0-675-gdc239d62e1 (webtiles) character file.

Game seed: 11696246003902676211

258 Fodor the Chopper (level 5, -2/47 HPs)
             Began as a Minotaur Fighter on Mar 11, 2024.
             Slain by a hornet (3 damage)
             ... on level 4 of the Dungeon.
             The game lasted 00:04:52 (2218 turns).

Fodor the Chopper (Minotaur Fighter)                Turns: 2218, Time: 00:04:52

Health: -2/47      AC:  8    Str: 23    XL:     5   Next: 94%
Magic:  4/4        EV:  9    Int:  5    God:
Gold:   146        SH:  4    Dex:  9    Spells: 4/4 levels left

rFire   . . .        a - +0 war axe
rCold   . . .        c - +0 buckler
rNeg    . . .        b - +0 scale mail
rPois   .            (helmet restricted)
rElec   .            (no cloak)
rCorr   .            (no gloves)
SInv    .            e - +0 pair of boots
Will    .....        (no amulet) Stlth
                     (no ring)
HPRegen 0.27/turn    (no ring)
MPRegen 0.09/turn

%: no passive effects
@: lethally poisoned (-2 -> -15), slowed, very slow
A: horns 2, retaliatory headbutt
a: no special abilities


You were on level 4 of the Dungeon.
You visited 1 branch of the dungeon, and saw 4 of its levels.

You collected 146 gold pieces.

Inventory:

Hand Weapons
 a - a +0 war axe (weapon)
Missiles
 j - 2 boomerangs (quivered)
Armour
 b - a +0 scale mail (worn)
 c - a +0 buckler (worn)
 e - a +0 pair of boots (worn)
Jewellery
 f - a ring of ice
Talismans
 p - a serpent talisman
Scrolls
 g - 3 scrolls of identify {unknown}
 i - 5 scrolls of teleportation {unknown}
 l - a scroll of noise {unknown}
 m - a scroll of amnesia {unknown}
 o - a scroll of silence {unknown}
Potions
 d - a potion of might
 h - a potion of magic {unknown}
 k - a potion of lignification {unknown}
 n - a potion of berserk rage {unknown}
 q - a potion of brilliance {unknown}


   Skills:
 + Level 4.8 Fighting
 + Level 5.4 Axes
 + Level 4.8 Armour
 + Level 0.7 Dodging
 + Level 4.2 Shields


You had 4 spell levels left.
You didn't know any spells.
Your spell library contained the following spells:

 Spells                   Type           Power      Damage    Failure   Level
 Shock                    Conj/Air       0%         1d3       83%         1
 Dazzling Flash           Conj/Hex       0%         N/A       99%         3
 Fugue of the Fallen      Necr           0%         N/A       99%         3
 Mephitic Cloud           Conj/Alch/Air  0%         N/A       99%         3
 Ozocubu's Armour         Ice            0%         N/A       99%         3
 Swiftness                Air            0%         N/A       99%         3
 Airstrike                Air            0%         2d(0-16)  100%        4
 Manifold Assault         Tloc           0%         N/A       100%        4
 Curse of Agony           Necr           0%         N/A       100%        5
 Silence                  Hex/Air        0%         N/A       100%        5


Dungeon Overview and Level Annotations

Branches:
Dungeon (4/15)
 Temple: D:4-7

Altars:


Innate Abilities, Weirdness & Mutations

You have a pair of horns on your head.
You reflexively headbutt those who attack you in melee.


Message History

You see here a +0 mace.
The endoplasm barely misses you.
You hit the endoplasm. Your headbutt misses the endoplasm.
The endoplasm is almost dead.
The endoplasm hits you but does no damage.
You hit the endoplasm.
You kill the endoplasm!
Found a scroll labelled HEWECIWNUE.
You see here a +0 scale mail.
A hornet comes into view.
The hornet buzzes angrily.
A hornet is nearby!
Found 13 gold pieces.
You slash the hornet!
The hornet is moderately wounded.
The hornet stings you!
You feel yourself slow down.
You barely miss the hornet. Your headbutt misses the hornet.
The hornet is moderately wounded.
The hornet closely misses you. You furiously retaliate!
You headbutt the hornet! The hornet stings you!
You are poisoned.
You feel as though you will be slow longer.
The hornet barely misses you.
You miss the hornet.
The hornet is heavily wounded.
You feel very sick. The hornet stings you.
You are lethally poisoned!
You feel as though you will be slow longer.
The hornet closely misses you. You furiously retaliate!
You headbutt the hornet, but do no damage.
The hornet stings you!
* * * LOW HITPOINT WARNING * * *
You feel as though you will be slow longer.
You barely miss the hornet.
The hornet is heavily wounded.
* * * LOW HITPOINT WARNING * * *
You feel extremely sick. The hornet misses you. The hornet barely misses you.
The hornet stings you.
You die...

#.. ##.?. .
###...## ## .#
...... .#.# #...#
...# #...##...##.
#....y......
#######...@.......
#..)....[.........
#.#######........$
#.# ####...### #.#
...# #.# ...# #.#
### #.# #.#


You could see a hornet.

Vanquished Creatures
  A bombardier beetle (D:4)
  2 orc priests (D:3)
  An iguana (D:3)
  An orc wizard (D:3)
  3 gnolls (D:2)
  4 adders
  A dart slug (D:1)
  A ribbon worm (D:3)
  3 orcs
  4 bats
  An endoplasm (D:4)
  3 giant cockroaches
  6 hobgoblins
  2 jackals (D:3)
  3 quokkas
  4 ball pythons
  3 frilled lizards
  2 goblins (D:1)
  3 kobolds
  2 rats (D:2)
50 creatures vanquished.

Notes
Turn   | Place    | Note
-------+----------+-------------------------------------------
     0 | D:1      | Fodor the Minotaur Fighter began the quest for the Orb.
     0 | D:1      | Reached XP level 1. HP: 19/19 MP: 0/0
   273 | D:1      | Reached XP level 2. HP: 20/27 MP: 1/1
   951 | D:2      | Reached skill level 3 in Axes
   951 | D:2      | Reached XP level 3. HP: 19/33 MP: 2/2
  1511 | D:3      | Reached XP level 4. HP: 41/41 MP: 3/3
  1541 | D:3      | Reached skill level 4 in Axes
  1549 | D:3      | Reached XP level 5. HP: 25/47 MP: 4/4
  2090 | D:4      | Reached skill level 5 in Axes
  2213 | D:4      | Noticed a hornet
  2218 | D:4      | HP: 1/47 [poisoned by a hornet]
  2218 | D:4      | Slain by a hornet

Illustrated notes

Levels and vault maps discovered:
D:1:      dpeg_arrival_rooms_c, layout_basic
D:2:      layout_rooms
D:3:      layout_rooms
D:4:      layout_loops_ring, kennysheep_little_box, guppyfry_shop_venom

Skill      XL: |  1  2  3  4  5 |
---------------+----------------+-----
Fighting       | 4 |  4.8
Armour         | 4 |  4.8
Shields        | 4 |  4.2
Axes           | 3 4 5 |  5.4
Dodging        | |  0.7

Action                     |  1- 3 |  4- 6 || total
---------------------------+-------+-------++-------
  Melee: War axe           |    67 |    47 ||   114
         Headbutt          |     6 |     7 ||    13
  Throw: Boomerang         |       |     5 ||     5
 Armour: Scale mail        |    72 |    30 ||   102
  Dodge: Dodged            |    22 |    23 ||    45
  Block: Buckler           |    27 |     8 ||    35

Table legend: (Time is in decaauts)
 A = Elapsed time spent in this place.
 B = Non-inter-level travel time spent in this place.
 C = Inter-level travel time spent in this place.
 D = Time resting spent in this place.
 E = Time spent auto-exploring this place.
 F = Levels seen in this place.
 G = Mean time per level.
                   A        B        C        D        E       F      G
               +--------+--------+--------+--------+--------+-----+--------+
         Total |   2259 |   2230 |     29 |    188 |   1450 |   4 |  564.8 |
       Dungeon |   2259 |   2230 |     29 |    188 |   1450 |   4 |  564.8 |
               +--------+--------+--------+--------+--------+-----+--------+

Top non-repeatable levels by time:
     D:1: 859 daAuts
     D:2: 649 daAuts
     D:3: 605 daAuts
     D:4: 144 daAuts
